 Dungeon Crawl Stone Soup version 0.28.0-53-g5a82cb258f (webtiles) character file.

Game seed: 6904477348145852032

72 mcbry74 the Insei (level 4, 0/32 HPs)
             Began as a Merfolk Transmuter on July 6, 2022.
             Slain by a gnoll
             ... wielding a +0 halberd
              (11 damage)
             ... on level 2 of the Dungeon.
             The game lasted 00:05:02 (2570 turns).

mcbry74 the Insei (Merfolk Transmuter)              Turns: 2570, Time: 00:05:03

Health: 0/32       AC:  2    Str: 12    XL:     4   Next: 26%
Magic:  4/7        EV: 12    Int: 12    God:
Gold:   111        SH:  0    Dex: 14    Spells: 4/7 levels left

rFire   . . .      SeeInvis .     - Unarmed
rCold   . . .      Faith    .   (no shield)
rNeg    . . .      Spirit   .   a - +0 robe
rPois   .          Reflect  .   (helmet currently unavailable)
rElec   .          Harm     .   (no cloak)
rCorr   .          Rampage  .   (no gloves)
Will    .....                   (boots currently unavailable)
Stlth   +.........              (no amulet)
HPRegen 0.10/turn               (no ring)
MPRegen 0.10/turn               (no ring)

@: appendages, wereblooded
A: horns 2, (nimble swimmer 2), mertail
a: End Transformation


You were on level 2 of the Dungeon.
You had temporarily grown beastly horns.
You visited 1 branch of the dungeon, and saw 2 of its levels.

You collected 111 gold pieces.

Inventory:

Missiles
 d - 99 stones
 g - 5 poisoned darts
Armour
 a - a +0 robe (worn)
Jewellery
 b - an amulet of reflection
 i - an amulet of guardian spirit
Scrolls
 e - 5 scrolls of identify {unknown}
 h - a scroll of enchant armour {unknown}
 k - a scroll of fear {unknown}
 l - 2 scrolls of acquirement {unknown}
Potions
 c - a potion of attraction {unknown}
 f - a potion of heal wounds {unknown}
 j - a potion of lignification {unknown}


   Skills:
 - Level 1.1 Fighting
 - Level 2.6 Dodging
 + Level 5.5 Unarmed Combat
 - Level 2.0 Spellcasting
 - Level 2.6 Transmutations


You had 4 spell levels left.
You knew the following spells:

 Your Spells              Type           Power      Damage    Failure   Level
a - Beastly Appendage     Tmut           14%        N/A       9%          1
b - Wereblood             Tmut           7%         N/A       14%         2

Your spell library contained the following spells:

 Spells                   Type           Power      Damage    Failure   Level
 Spider Form              Tmut/Pois      4%         N/A       43%         3
 Ice Form                 Ice/Tmut       4%         N/A       83%         4


Dungeon Overview and Level Annotations

Branches:
Dungeon (2/15)

Altars:


Innate Abilities, Weirdness & Mutations

You have temporarily grown beastly horns.
((You are very nimble when in or above water. (Stealth+, EV+, Speed+++)))
Your lower body shifts to a powerful aquatic tail in water.


Message History

Casting: Beastly Appendage (safe; 9% risk of failure)
Press: ? - help, Q - select action, (/) - cycle Dir - look around, f - activate You grow a pair of large bovine horns.
You barely miss the kobold. The kobold hits you but does no damage.
You closely miss the kobold. Your headbutt misses the kobold.
The kobold hits you with a +0 short sword.
You hit the kobold.
You kill the kobold!
You see here a +0 short sword.
You start resting.
Your transformation is almost over.
Magic restored.
You start resting.
Your horns disappear.
HP restored.
As you open the door, it creaks loudly!
There is an open door here. 3 gnolls come into view.
The gnoll shouts! x2
A gnoll comes into view. It is wielding a +0 whip.
Casting: Beastly Appendage (safe; 9% risk of failure)
Press: ? - help, Q - select action, (/) - cycle Dir - look around, f - activate You grow a pair of large bovine horns.
Casting: Beastly Appendage (safe; 9% risk of failure)
Press: ? - help, Q - select action, (/) - cycle Dir - look around, f - activate
Okay, then.
Okay, then.
Casting: Beastly Appendage (safe; 9% risk of failure)
Confirm with . or Enter, or press ? or * to list all spells.
Your blood is infused with primal strength.
The gnoll closely misses you. The gnoll hits you with a +0 halberd!
You hit the gnoll but do no damage. You hit the gnoll. You headbutt the gnoll.
The gnoll is severely wounded.
The gnoll hits you with a +0 halberd!
You hit the gnoll.
The gnoll is severely wounded.
The gnoll hits you with a +0 halberd!
You die...

#.......# #...##.# #.# #
#.......# #.†.##.#####.#
# #.......#
#...'........# #
........# #...##.#######
# ..####.## #...##.# #
..# #.# #.####.# ..# #.#
#.# #.# ..# #.# #.# #.#
###### ######.####.# #@#
.g##..... #..........#
#g# g..##.....
#..........# #g#
###gg.##.....
#..........# #.# ......
#..... #..........# #.#
....# #..... #....^.....#
#.# ....# #.....
#..........####.###....#
#.....
#......................#
#.....
##.........#####.###....#
#.....


You could see 2 gnolls.

Vanquished Creatures
  2 adders (D:2)
  3 worms (D:2)
  2 dart slugs (D:1)
  5 ball pythons
  6 bats
  2 endoplasms (D:1)
  2 giant cockroaches (D:1)
  4 hobgoblins (D:1)
  6 kobolds
  3 frilled lizards (D:1)
  3 goblins (D:1)
  A rat (D:2)
39 creatures vanquished.

Notes
Turn   | Place    | Note
-------+----------+-------------------------------------------
     0 | D:1      | mcbry74 the Merfolk Transmuter began the quest for the Orb.
     0 | D:1      | Reached XP level 1. HP: 15/15 MP: 3/3
   276 | D:1      | Reached XP level 2. HP: 17/21 MP: 5/5
   336 | D:1      | Learned a level 2 spell: Wereblood
   382 | D:1      | Reached skill level 4 in Unarmed Combat
   544 | D:1      | Found a faded altar of an unknown god.
   573 | D:1      | Reached XP level 3. HP: 14/26 MP: 4/6
  1515 | D:2      | Reached skill level 5 in Unarmed Combat
  1642 | D:2      | Reached XP level 4. HP: 31/32 MP: 5/7
  2570 | D:2      | Slain by a gnoll

Illustrated notes

Levels and vault maps discovered:
D:1:      pf_arrival_petrified_forest, layout_basic,
          hellmonk_ecumenical_altar_crossroads
D:2:      layout_basic

Skill      XL: |  1  2  3 |
---------------+----------+-----
Unarmed Combat | 4 5 |  5.5
Fighting       | |  1.1
Dodging        | |  2.6
Spellcasting   | |  2.0
Transmutations | |  2.6

Action                   |  1- 3 |  4- 6 || total
-------------------------+-------+-------++-------
Melee: Unarmed           |   106 |    26 ||   132
       Headbutt          |     8 |     4 ||    12
       Punch             |     5 |     2 ||     7
 Cast: Beastly Appendage |    17 |     7 ||    24
       Wereblood         |     2 |     1 ||     3
Armor: Robe              |    33 |     2 ||    35
Dodge: Dodged            |    68 |     8 ||    76
